 Dungeon Crawl Stone Soup version 0.30-a0-743-gbfdf073431 (webtiles) character file.

Game seed: 14743044479827407180

224 BigDaddyOpFi the Trooper (level 6, -3/82 HPs)
             Began as a Hill Orc Fighter on Feb 6, 2023.
             Succumbed to a scorpion's poison
             ... on level 4 of the Dungeon.
             The game lasted 00:02:32 (2028 turns).

BigDaddyOpFi the Trooper (Hill Orc Fighter)         Turns: 2028, Time: 00:02:32

Health: -3/82      AC: 10    Str: 21    XL:     6   Next: 0%
Magic:  6/6        EV:  7    Int:  8    God:
Gold:   151        SH:  4    Dex: 10    Spells: 5/5 levels left

rFire   . . .      SeeInvis .    a - +1 war axe
rCold   + . .      Faith    .    c - +0 buckler
rNeg    . . .      Spirit   .    s - +0 chain mail
rPois   .          Reflect  .    (no helmet)
rElec   .          Harm     .    g - +0 cloak
rCorr   .          Rampage  .    (no gloves)
Will    .....                    (no boots) Stlth
                                 (no amulet)
HPRegen 0.33/turn                k - ring of protection from cold
MPRegen 0.10/turn                (no ring)

@: berserking, lethally poisoned (-3 -> -27), hasted, very quick
A: no striking features
a: no special abilities


You were on level 4 of the Dungeon.
You visited 1 branch of the dungeon, and saw 4 of its levels.

You collected 151 gold pieces.

Inventory:

Hand Weapons
 a - a +1 war axe (weapon)
Armour
 c - a +0 buckler (worn)
 g - a +0 cloak (worn)
 s - a +0 chain mail (worn)
Jewellery
 k - a ring of protection from cold (left hand)
Wands
 n - a wand of charming (5)
Scrolls
 b - a scroll of enchant weapon
 f - 3 scrolls of identify
 i - a scroll of poison
 l - a scroll of fear
 m - a scroll of fog
 o - a scroll of blinking
Potions
 d - 2 potions of might
 h - a potion of haste
 j - a potion of lignification {unknown}
 p - a potion of mutation {unknown}
 q - a potion of degeneration {unknown}
 r - a potion of heal wounds {unknown}
 t - a potion of magic {unknown}


   Skills:
 + Level 4.9 Fighting
 + Level 4.6 Axes
 + Level 4.5 Armour
 + Level 4.5 Shields


You had 5 spell levels left.
You didn't know any spells.
Your spell library contained the following spells:

 Spells                   Type           Power      Damage    Failure   Level
 Magic Dart               Conj           0%         1d3       99%         1
 Necrotise                Necr           0%         1d4       99%         1
 Summon Small Mammal      Summ           0%         N/A       99%         1
 Call Imp                 Summ           0%         N/A       100%        2
 Call Canine Familiar     Summ           0%         N/A       100%        3
 Mephitic Cloud           Conj/Pois/Air  0%         N/A       100%        3
 Summon Guardian Golem    Hex/Summ       0%         N/A       100%        3
 Vampiric Draining        Necr           0%         2d6       100%        3
 Agony                    Necr           0%         N/A       100%        5


Dungeon Overview and Level Annotations

Branches:
Dungeon (4/15)
 Temple: D:4-7

Altars:
Fedhas


Message History

You feel sick. The scorpion stings you.
You are more poisoned.
The scorpion poisons you!
It was a potion of haste.
You feel yourself speed up.
You feel very sick. You block the scorpion's attack.
You hit the scorpion but do no damage.
The scorpion is severely wounded.
You feel sick. The scorpion stings you.
* * * LOW HITPOINT WARNING * * *
Okay, then.
You closely miss the scorpion.
The scorpion is severely wounded.
You feel sick.
The scorpion stings you but does no damage.
You closely miss the scorpion.
The scorpion is severely wounded.
You feel sick. The scorpion stings you.
* * * LOW HITPOINT WARNING * * *
The scorpion stings you.
* * * LOW HITPOINT WARNING * * *
You are more poisoned.
The scorpion poisons you!
It was a potion of berserk rage.
A red film seems to cover your vision as you go berserk!
You feel yourself moving faster!
You feel mighty!
* * * LOW HITPOINT WARNING * * *
You feel sick.
You barely miss the scorpion.
The scorpion is severely wounded.
* * * LOW HITPOINT WARNING * * *
You feel very sick. The scorpion stings you.
* * * LOW HITPOINT WARNING * * *
You are more poisoned.
The scorpion poisons you!
Unknown command.
You hit the scorpion.
The scorpion is almost dead.
You die...

#.# #.# #.#
#.# #####.##
#..$...#
#...<..#####..
#......>......
####..@s......
#..........
#..........
##+######.. .


You could see a scorpion.

Vanquished Creatures
  A black bear (D:3)
  8 adders
  A dart slug (D:1)
  An orc (D:3)
  5 ball pythons
  5 bats
  7 endoplasms
  A giant cockroach (D:2)
  5 hobgoblins
  3 jackals (D:1)
  2 quokkas (D:1)
  2 frilled lizards
  3 goblins
  8 kobolds
  6 rats
58 creatures vanquished.

Notes
Turn   | Place    | Note
-------+----------+-------------------------------------------
     0 | D:1      | BigDaddyOpFi the Hill Orc Fighter began the quest for the
                  | Orb.
     0 | D:1      | Reached XP level 1. HP: 19/19 MP: 1/1
    88 | D:1      | Reached XP level 2. HP: 23/27 MP: 2/2
   608 | D:1      | Reached XP level 3. HP: 33/33 MP: 3/3
   985 | D:2      | Reached XP level 4. HP: 36/40 MP: 4/4
  1079 | D:2      | Found a blossoming altar of Fedhas.
  1658 | D:3      | Reached XP level 5. HP: 47/47 MP: 5/5
  1843 | D:3      | Found a faded altar of an unknown god.
  1883 | D:3      | Noticed a black bear
  1892 | D:3      | Killed a black bear
  1905 | D:3      | Reached XP level 6. HP: 37/55 MP: 6/6
  2027 | D:4      | HP: 3/82 [poisoned by a scorpion]
  2027 | D:4      | HP: 1/82 [scorpion (2)]
  2028 | D:4      | Succumbed to a scorpion's poison

Illustrated notes

Levels and vault maps discovered:
D:1:      beargit_arrival_diablo_church, layout_basic
D:2:      layout_basic, basic_altar, chequers_mini_garden, minmay_tetromino_i2
D:3:      layout_rooms, shapermc_ecumenical_altar_pompeii
D:4:      layout_basic, serial_glass, glass_columns_c, glass_columns_b,
          due_unseen_surprise, minmay_strange_pillars, serial_shops, shop,
          nicolae_square_shop, nicolae_shop_bloodbath_and_beyond

Skill      XL: |  1  2  3  4 |
---------------+-------------+-----
Axes           | 3 4 |  4.6
Fighting       | 4 |  4.9
Shields        | 4 |  4.5
Armour         | 4 |  4.5

Action                     |  1- 3 |  4- 6 || total
---------------------------+-------+-------++-------
  Melee: War axe           |    89 |    83 ||   172
    Use: Scroll            |       |     6 ||     6
         Potion            |       |     2 ||     2
 Armour: Scale mail        |    47 |    11 ||    58
         Chain mail        |       |    45 ||    45
  Dodge: Dodged            |    45 |    31 ||    76
  Block: Buckler           |    24 |    17 ||    41

Table legend: (Time is in decaauts)
 A = Elapsed time spent in this place.
 B = Non-inter-level travel time spent in this place.
 C = Inter-level travel time spent in this place.
 D = Time resting spent in this place.
 E = Time spent auto-exploring this place.
 F = Levels seen in this place.
 G = Mean time per level.
                   A        B        C        D        E       F      G
               +--------+--------+--------+--------+--------+-----+--------+
         Total |   2086 |   2007 |     79 |      0 |   1546 |   4 |  521.5 |
       Dungeon |   2086 |   2007 |     79 |      0 |   1546 |   4 |  521.5 |
               +--------+--------+--------+--------+--------+-----+--------+

Top non-repeatable levels by time:
     D:1: 951 daAuts
     D:2: 574 daAuts
     D:3: 543 daAuts
     D:4: 17 daAuts
